 Dungeon Crawl Stone Soup version 0.28-a0-804-g60983d4ba9 (webtiles) character file.

Game seed: 885159952858096188

202 siradein the Skirmisher (level 5, -1/42 HPs)
             Began as a Demonspawn Fighter on Nov 8, 2021.
             Succumbed to a scorpion's poison
             ... on level 3 of the Dungeon.
             The game lasted 00:12:18 (2435 turns).

siradein the Skirmisher (Demonspawn Fighter)        Turns: 2435, Time: 00:12:18

Health: -1/42      AC:  6    Str: 14 (17) XL:     5   Next: 50%
Magic:  5/5        EV:  9    Int:  7 (10) God:
Gold:   87         SH:  5    Dex: 13 (14) Spells: 4/4 levels left

rFire   . . .      SeeInvis .   a - +0 long sword
rCold   . . .      Faith    .   c - +0 buckler
rNeg    . . .      Spirit   .   b - +0 scale mail
rPois   .          Reflect  .   (helmet restricted)
rElec   .          Harm     .   (no cloak)
rCorr   .          Rampage  .   (no gloves)
Will    .....                   (no boots)
Stlth   +.........              (no amulet)
HPRegen 0.14/turn               (no ring)
MPRegen 0.09/turn               (no ring)

@: brilliant, lethally poisoned (-1 -> -13)
A: horns 1, thin skeletal structure 1, ignite blood 1, powered by death 1
a: no special abilities


You were on level 3 of the Dungeon.
You visited 1 branch of the dungeon, and saw 4 of its levels.

You collected 87 gold pieces.

Inventory:

Hand Weapons
 a - a +0 long sword (weapon)
Armour
 b - a +0 scale mail (worn)
 c - a +0 buckler (worn)
Scrolls
 f - 2 scrolls of identify {unknown}
 i - a scroll of enchant armour {unknown}
 j - 2 scrolls of vulnerability {unknown}
 k - 2 scrolls of enchant weapon {unknown}
 l - a scroll of immolation {unknown}
Potions
 d - a potion of might
 m - a potion of magic {unknown}


   Skills:
 + Level 4.0 Fighting
 + Level 3.0 Long Blades
 + Level 3.6 Armour
 + Level 3.6 Shields


You had 4 spell levels left.
You didn't know any spells.
Your spell library contained the following spells:

 Spells                   Type           Power      Damage    Failure   Level
 Animate Skeleton         Necr           0%         N/A       89%         1
 Foxfire                  Conj/Fire      0%         2x1d4     89%         1
 Pain                     Necr           0%         1d4       89%         1
 Conjure Flame            Conj/Fire      0%         6-21      99%         3
 Inner Flame              Hex/Fire       0%         N/A       99%         3
 Vampiric Draining        Necr           0%         2d6       99%         3
 Flame Wave               Conj/Fire      0%         3d3       100%        4
 Olgreb's Toxic Radiance  Pois           0%         N/A       100%        4
 Ozocubu's Refrigeration  Ice            0%         4d5       100%        7
 Ignition                 Fire           0%         3d3       100%        8


Dungeon Overview and Level Annotations

Branches:
Dungeon (4/15)
 Temple: D:4-7

Altars:
Wu Jian

Shops:
D:1 !   D:2 !


Innate Abilities, Weirdness & Mutations

You have a pair of small horns on your head.
You have a somewhat thin skeletal structure. (Dex +2, Stealth+)
Your demonic aura sometimes causes spilled blood to erupt in flames.
You regenerate a little health from kills.


Message History

You are more poisoned.
The scorpion poisons you!
You are too injured to fight recklessly!
You are too injured to fight recklessly!
You feel very sick.
You feel sick. The scorpion stings you.
* * * LOW HITPOINT WARNING * * *
You slash the scorpion! You headbutt the scorpion.
The scorpion is almost dead.
* * * LOW HITPOINT WARNING * * *
You feel very sick. The scorpion stings you.
* * * LOW HITPOINT WARNING * * *
You are lethally poisoned!
The scorpion poisons you!
It was a potion of degeneration.
There was something very wrong with that liquid.
You feel weakened.
You feel dopey.
You feel clumsy.
* * * LOW HITPOINT WARNING * * *
You feel very sick. The scorpion stings you.
* * * LOW HITPOINT WARNING * * *
You are more poisoned.
The scorpion poisons you!
It was a potion of curing.
You feel better. The scorpion stings you.
* * * LOW HITPOINT WARNING * * *
You block the scorpion's attack.
You closely miss the scorpion.
You headbutt the scorpion, but do no damage.
The scorpion is almost dead.
You block the scorpion's attack.
You hit the scorpion but do no damage. Your headbutt misses the scorpion.
The scorpion is almost dead.
The scorpion stings you.
* * * LOW HITPOINT WARNING * * *
You are lethally poisoned!
The scorpion poisons you!
It was a potion of brilliance.
You feel clever all of a sudden.
You die...

#
#.#.......##...................
#
#........###.#####.##.........#
# #............# #....##...####
# #..###...##### #.#####...# #
###..##....#########.## #...# #
......)[..............#####.##
# ###..##.....................#
# #..###.#.....##.##..#########
# #<.)...#.....s@.....#.......#
#
##.....#....>########†#####.###
#..##.......# #.# #....
#..######.### #.# #####
#..######.# #†# # #.......#÷##
#.# # #.#####....###### #.# #
#.# #..#......# #.# # #.#
#.÷..####.####.#########


You could see a scorpion.

Vanquished Creatures
  An orc priest (D:3)
  2 orc wizards
  An adder (D:2)
  3 gnolls (D:2)
  A worm (D:3)
  3 dart slugs (D:2)
  4 orcs
  7 bats
  3 endoplasms
  2 giant cockroaches
  4 hobgoblins
  10 jackals
  5 quokkas
  5 ball pythons
  7 frilled lizards
  2 goblins
  5 kobolds
  9 rats
74 creatures vanquished.

Notes
Turn   | Place    | Note
-------+----------+-------------------------------------------
     0 | D:1      | siradein the Demonspawn Fighter began the quest for the
                  | Orb.
     0 | D:1      | Reached XP level 1. HP: 18/18 MP: 1/1
    58 | D:1      | Found Febacac's Distillery.
   187 | D:1      | Gained mutation: You regenerate a little health from kills.
                  | [demonic ancestry]
   187 | D:1      | Reached XP level 2. HP: 24/24 MP: 2/2
   428 | D:1      | You fall into a shaft and drop 1 floor!
   799 | D:2      | Found Peyzol's Distillery.
   872 | D:2      | Gained mutation: Your demonic aura sometimes causes spilled
                  | blood to erupt in flames. [demonic ancestry]
   872 | D:2      | Reached XP level 3. HP: 29/29 MP: 3/3
  1246 | D:2      | Gained mutation: You have a pair of small horns on your
                  | head. [demonic ancestry]
  1246 | D:2      | Reached XP level 4. HP: 26/35 MP: 4/4
  2016 | D:3      | Found an ornate altar of the Wu Jian Council.
  2039 | D:2      | Gained mutation: You have a somewhat thin skeletal
                  | structure. (Dex +2, Stealth+) [demonic ancestry]
  2039 | D:2      | Reached XP level 5. HP: 42/42 MP: 5/5
  2064 | D:3      | Reached skill level 4 in Fighting
  2431 | D:3      | HP: 1/42 [scorpion (3)]
  2435 | D:3      | Succumbed to a scorpion's poison

Illustrated notes

Levels and vault maps discovered:
D:1:      minmay_arrival_plants_in_alcoves, layout_basic, serial_shops,
          nicolae_square_shop, shapermc_ecumenical_altar_mp_highgroup,
          item_on_display_a
D:2:      layout_loops_ring, serial_shops, shop, minmay_indecisive_spiral
D:3:      layout_loops_ring, nicolae_wu_jian_wuxing_cycle, eino_tiny_chamber
D:4:      layout_basic, nicolae_ru_awakened_eye, uniq_sigmund,
          uniq_blork_the_orc, uniq_crazy_yiuf_cottage, uniq_pikel

Skill      XL: |  1  2  3  4  5 |
---------------+----------------+-----
Long Blades    | 2 3 |  3.0
Armour         | 3 |  3.6
Shields        | 3 |  3.6
Fighting       | 4 |  4.0

Action                   |  1- 3 |  4- 6 || total
-------------------------+-------+-------++-------
Melee: Long sword        |   124 |    99 ||   223
       Headbutt          |       |    18 ||    18
  Use: Potion            |       |     3 ||     3
Armor: Scale mail        |    67 |    51 ||   118
Dodge: Dodged            |    64 |    64 ||   128
Block: Buckler           |    25 |    31 ||    56

Table legend: (Time is in decaauts)
 A = Elapsed time spent in this place.
 B = Non-inter-level travel time spent in this place.
 C = Inter-level travel time spent in this place.
 D = Time resting spent in this place.
 E = Time spent auto-exploring this place.
 F = Levels seen in this place.
 G = Mean time per level.
                   A        B        C        D        E       F      G
               +--------+--------+--------+--------+--------+-----+--------+
         Total |   2503 |   2439 |     64 |      0 |   1729 |   4 |  625.8 |
       Dungeon |   2503 |   2439 |     64 |      0 |   1729 |   4 |  625.8 |
               +--------+--------+--------+--------+--------+-----+--------+

Top non-repeatable levels by time:
     D:2: 1230 daAuts
     D:3: 804 daAuts
     D:1: 452 daAuts
     D:4: 17 daAuts
